 Dungeon Crawl Stone Soup version 0.27.1-3-gb3d3a73c9e (webtiles) character file.

Game seed: 5082622940271724445

14052 Sirial the Cleaver (level 11, -7/89 HPs)
             Began as a Demonspawn Abyssal Knight on Oct 17, 2021.
             Was a High Priest of Lugonu.
             Blown up by an orb spider (27 damage)
             ... with an orb of destruction
             ... on level 3 of the Lair of Beasts.
             The game lasted 00:33:45 (10062 turns).

Sirial the Cleaver (Demonspawn Abyssal Knight)     Turns: 10062, Time: 00:33:45

Health: -7/89      AC: 22    Str: 40    XL:     11   Next: 83%
Magic:  12/12      EV: 12    Int: 15    God:    Lugonu [*****.]
Gold:   381        SH:  0    Dex: 13    Spells: 10/10 levels left

rFire    . . .     SeeInvis .   t - +12 hand axe "Yrhymi" {spect, rElec}
rCold    . . .     Faith    +   (no shield)
rNeg     + . .     Spirit   .   v - +6 pearl dragon scales "Fuawisirgh" {rElec rN+ Str+8 Int-4 Slay+3}
rPois    +         Reflect  .   (no helmet)
rElec    +         Harm     .   (no cloak)
rCorr    .         Rampage  .   (no gloves)
Will     .....                  u - +1 pair of boots
Stlth    ..........             A - amulet of faith
HPRegen  0.24/turn              d - +6 ring of strength
MPRegen  0.13/turn              o - +6 ring of strength

@: no status effects
A: talons 2, demonic guardian 1, ignite blood 1, big brain 3, poison resistance,
strong 2
a: Renounce Religion, Depart the Abyss, Bend Space, Banish, Corrupt, Enter the
Abyss


You were on level 3 of the Lair of Beasts.
You worshipped Lugonu.
Lugonu was extremely pleased with you.
You visited 2 branches of the dungeon, and saw 11 of its levels.
You visited the Abyss 1 time.

You collected 605 gold pieces.
You spent 224 gold pieces at shops.

Inventory:

Hand Weapons
 a - a +1 hand axe of freezing
 b - a +0 executioner's axe
 c - the +6 broad axe of Bokaz {vorpal, rElec Will+ Str+3 Stlth+}
   (You acquired it on level 1 of the Dungeon)

   It inflicts extra damage upon your enemies.
   Str:       It affects your strength (+3).
   rElec:     It insulates you from electricity.
   Will:      It increases your willpower.
   Stlth:     It makes you more stealthy.
 j - a +1 whip of flaming
 q - a +4 dire flail
 t - the +12 hand axe "Yrhymi" (weapon) {spect, rElec}
   (You found it on level 2 of the Lair of Beasts)

   When its wielder attacks, the weapon's spirit leaps out and strikes again.
   The spirit shares a part of any damage it takes with its wielder.
   rElec:     It insulates you from electricity.
 D - the +7 falchion of Darkness {pain, Will++ Str+6}
   (You found it on level 2 of the Lair of Beasts)

   In the hands of one skilled in necromantic magic, it inflicts extra damage on
   living creatures.
   Str:       It affects your strength (+6).
   Will:      It greatly increases your willpower.
Armour
 e - a +1 plate armour
 u - a +1 pair of boots (worn)
 v - the +6 pearl dragon scales "Fuawisirgh" (worn) {rElec rN+ Str+8 Int-4 Slay+3}
   (You acquired it on level 6 of the Dungeon)

   Str:       It affects your strength (+8).
   Int:       It affects your intelligence (-4).
   Slay:      It affects your accuracy & damage with ranged weapons and melee
   (+3).
   rElec:     It insulates you from electricity.
   rN:        It protects you from negative energy.
Magical Staves
 s - a staff of poison
Jewellery
 d - a +6 ring of strength (left hand)
 k - a ring of fire
 l - the ring of Wainod {rPois rF+ rN+}
   (You found it on level 4 of the Dungeon)

   [ring of protection from fire]

   rF:        It protects you from fire.
   rPois:     It protects you from poison.
   rN:        It protects you from negative energy.
 o - a +6 ring of strength (right hand)
 p - a ring of ice
 A - an amulet of faith (around neck)
Wands
 g - a wand of acid (2)
 z - a wand of polymorph (17)
 B - a wand of mindburst (8)
 E - a wand of iceblast (10)
Scrolls
 f - 2 scrolls of fear
 h - a scroll of fog
 i - 2 scrolls of magic mapping
 m - 4 scrolls of teleportation
 w - a scroll of blinking
 x - 5 scrolls of identify
 y - a scroll of immolation
Potions
 n - a potion of magic
 r - a potion of attraction
 C - a potion of might


   Skills:
 + Level 9.1 Fighting
 + Level 12.4 Axes
 + Level 8.9 Armour
 + Level 3.6 Dodging
 + Level 2.7 Stealth
 + Level 2.4 Invocations


You had 10 spell levels left.
You didn't know any spells.
Your spell library contained the following spells:

 Spells                   Type           Power      Damage    Failure   Level
 Magic Dart               Conj           0%         1d3       19%         1
 Searing Ray              Conj           0%         3d3       28%         2
 Slow                     Hex            0%         N/A       28%         2
 Confusing Touch          Hex            0%         N/A       47%         3
 Inner Flame              Hex/Fire       0%         N/A       47%         3
 Ozocubu's Armour         Ice            0%         N/A       47%         3
 Vampiric Draining        Necr           0%         2d6       47%         3
 Cause Fear               Hex            0%         N/A       86%         4
 Fulminant Prism          Conj/Hex       0%         3d6       86%         4
 Metabolic Englaciation   Hex/Ice        0%         N/A       99%         5
 Simulacrum               Ice/Necr       0%         N/A       100%        6
 Discord                  Hex            0%         N/A       100%        8


Dungeon Overview and Level Annotations

Branches:
Dungeon (8/15)             Temple (0/1) D:4            Lair (3/6) D:8
 Spider (0/4) Lair:3
  Swamp: Lair:2-4    Shoals: Lair:2-4

Altars:
Cheibriados
Kikubaaqudgha
Okawaru
Uskayaw

Shops:
D:5 *   D:7 (*

Annotations:
Lair:1 exclusion: oklob plant


Innate Abilities, Weirdness & Mutations

You have razor-sharp toenails.
A weak demonic guardian rushes to your aid.
Your demonic aura sometimes causes spilled blood to erupt in flames.
You have an absolutely massive brain. (Int +6, Wiz)
Your system is resistant to poisons. (rPois)
Your muscles are very strong. (Str +4)


Message History

You kill the water moccasin!
Lugonu accepts your kill.
You see here a water moccasin corpse.
Found 17 gold pieces.
You now have 381 gold pieces (gained 17).
You are caught in the web!
There is a web here.
You struggle to detach yourself from the web.
You disentangle yourself.
An orb spider comes into view.
Found a hole to the Spider Nest.
The orb spider hisses angrily.
An orb spider is nearby!
You are caught in the web!
The orb spider pulsates with a strange energy.
There is a web here.
You disentangle yourself.
The orb spider weaves a glowing orb of energy.
An orb of destruction comes into view.
Why would you want to do that? The orb of destruction hits you!!
The orb spider pulsates with a strange energy.
Why would you want to do that?
The orb spider weaves a glowing orb of energy.
An orb of destruction comes into view.
You are caught in the web!
The orb of destruction hits you!!!
Ouch! That really hurt!
* * * LOW HITPOINT WARNING * * *
A demonic guardian appears!
There is a web, spattered with blood here.
You struggle to detach yourself from the web.
Your shadow imp is caught in a web!
You struggle to detach yourself from the web.
The orb spider spins a strand of pure energy.
Your shadow imp pulls away from the web.
You disentangle yourself.
The orb spider weaves a glowing orb of energy.
An orb of destruction comes into view.
The orb of destruction hits you!!
You die...

..........##^^.######
.........###..###.#.###
.........# #...#...^.^#
.........###.#.#.#≈≈+##
.....#...##.#.^..≈≈^..#
#.....#..###^.#.^≈≈.s.#
.........##..#..#≈≈○.##
......P..##.#.#..≈○°+##
#..^..@○^.5.#
##..####.#### ..... ###
....^ ...## ... ..


You could see an orb spider (ally target) and a friendly shadow imp (summoned).

Vanquished Creatures
  2 hydras
  3 death yaks (D:8)
  2 two-headed ogres (D:8)
  Pikel (D:4)
  A black mamba (Lair:2)
  A torpor snail (Lair:2)
  5 cane toads
  2 ice devils (Lair:1)
  A basilisk (Lair:3)
  12 yaks
  2 steam dragons
  6 water moccasins
  A necrophage (D:6)
  2 orc warriors (D:7)
  2 sky beasts
  A hornet zombie (D:6)
  A black bear (D:8)
  3 ogres
  10 wolves
  2 centaurs
  2 phantoms
  6 bullfrogs
  5 scorpions
  A killer bee (D:8)
  A howler monkey (D:5)
  5 wights (D:6)
  2 centaur zombies
  3 jellies
  A gnoll shaman (D:4)
  2 orc priests
  2 hounds (D:7)
  2 iguanas (D:4)
  7 orc wizards
  A howler monkey zombie (D:8)
  9 gnolls
  6 adders
  3 shadow imps
  A white imp (D:7)
  2 worms (D:3)
  4 dart slugs
  15 orcs
  8 endoplasms
  3 giant cockroaches
  5 goblins
  13 hobgoblins
  4 jackals (D:1)
  6 kobolds
  3 quokkas (D:3)
  16 ball pythons
  8 bats
  4 frilled lizards
  6 rats
216 creatures vanquished.

Vanquished Creatures (collateral kills)
  A cane toad (Lair:2)
  A wyvern (Lair:2)
  A yak (Lair:2)
3 creatures vanquished.

Vanquished Creatures (others)
  10 fungi (Lair:2)
  13 plants
23 creatures vanquished.

Grand Total: 242 creatures vanquished

Notes
Turn   | Place    | Note
-------+----------+-------------------------------------------
     0 | Abyss:1  | Sirial the Demonspawn Abyssal Knight began the quest for
                  | the Orb.
     0 | Abyss:1  | Reached XP level 1. HP: 18/18 MP: 2/2
     6 | D:1      | Escaped the Abyss
   187 | D:1      | Gained mutation: You have an unusually large brain. (Int
                  | +2) [demonic ancestry]
   187 | D:1      | Reached XP level 2. HP: 8/24 MP: 3/3
   674 | D:1      | Reached ** piety under Lugonu
   690 | D:1      | Reached skill level 2 in Axes
   907 | D:1      | Identified a scroll of acquirement
   907 | D:1      | Acquired the +6 broad axe of Bokaz {vorpal, rElec Will+
                  | Str+3 Stlth+}
   942 | D:1      | Reached XP level 3. HP: 29/30 MP: 4/4
  1519 | D:2      | Gained mutation: You are frail. (-10% HP) [potion of
                  | mutation]
  1519 | D:2      | Gained mutation: You have a pair of small horns on your
                  | head. [potion of mutation]
  1569 | D:2      | Found a faded altar of an unknown god.
  1657 | D:2      | Reached skill level 1 in Dodging
  2216 | D:3      | Gained mutation: You have sharp toenails. [demonic
                  | ancestry]
  2216 | D:3      | Reached XP level 4. HP: 31/33 MP: 5/5
  2223 | D:3      | Noticed a centaur
  2230 | D:3      | Killed a centaur
  2231 | D:3      | Reached skill level 3 in Axes
  2231 | D:3      | Gained mutation: You have razor-sharp toenails. [demonic
                  | ancestry]
  2231 | D:3      | Reached XP level 5. HP: 28/37 MP: 6/6
  2547 | D:3      | Reached *** piety under Lugonu
  3010 | D:4      | Found a staircase to the Ecumenical Temple.
  3074 | D:4      | Noticed an ogre
  3077 | D:4      | Killed an ogre
  3078 | D:4      | Reached skill level 4 in Axes
  3078 | D:4      | Gained mutation: Your demonic aura sometimes causes spilled
                  | blood to erupt in flames. [demonic ancestry]
  3078 | D:4      | Reached XP level 6. HP: 30/44 MP: 7/7
  3217 | D:4      | Noticed Pikel
  3227 | D:4      | Killed Pikel
  3228 | D:4      | Reached skill level 5 in Fighting
  3228 | D:4      | Reached skill level 6 in Axes
  3228 | D:4      | Gained mutation: You have an extremely huge brain. (Int +4)
                  | [demonic ancestry]
  3228 | D:4      | Reached XP level 7. HP: 7/50 MP: 8/8
  3711 | D:4      | Identified the ring of Wainod {rPois rF+ rN+}
  3764 | D:4      | You fall into a shaft and drop 1 floor!
  3764 | D:5      | Entered Level 5 of the Dungeon
  3772 | D:5      | Reached XP level 8. HP: 47/56 MP: 9/9
  3858 | D:5      | Found Zodeita's Mass Market.
  3921 | D:5      | Reached skill level 7 in Axes
  4096 | D:5      | Lost mutation: You are frail. (-10% HP) [potion of
                  | mutation]
  4096 | D:5      | Lost mutation: You have a pair of small horns on your head.
                  | [potion of mutation]
  4096 | D:5      | Gained mutation: You are clumsy. (Dex -2) [potion of
                  | mutation]
  4096 | D:5      | Gained mutation: Your system is resistant to poisons.
                  | (rPois) [potion of mutation]
  4096 | D:5      | Gained mutation: You are dopey. (Int -2) [potion of
                  | mutation]
  4096 | D:5      | Gained mutation: Your muscles are strong. (Str +2) [potion
                  | of mutation]
  4131 | D:5      | You fall into a shaft and drop 1 floor!
  4359 | D:6      | Reached skill level 8 in Axes
  4361 | D:6      | Reached skill level 5 in Armour
  4388 | D:5      | Found a hide-covered altar of Uskayaw.
  4395 | D:5      | Reached XP level 9. HP: 46/69 MP: 10/10
  4799 | D:4      | Reached **** piety under Lugonu
  5270 | D:5      | Bought a +0 executioner's axe for 140 gold pieces
  5438 | D:6      | Acquired the +6 pearl dragon scales "Fuawisirgh" {rElec rN+
                  | Str+8 Int-4 Slay+3}
  5583 | D:6      | Reached skill level 9 in Axes
  5898 | D:7      | Reached skill level 1 in Stealth
  6198 | D:7      | Found Ocoof's Assorted Antiques.
  6207 | D:7      | Bought a scroll of identify for 56 gold pieces
  6207 | D:7      | Bought a scroll labelled ZEUJYCW RYIL for 28 gold pieces
  6482 | D:7      | Found Yqerhong's Weapon Shoppe.
  6813 | D:8      | Found an iron altar of Okawaru.
  6813 | D:8      | Found an ancient bone altar of Kikubaaqudgha.
  6846 | D:8      | Noticed a two-headed ogre
  6851 | D:8      | Killed a two-headed ogre
  6852 | D:8      | Reached skill level 10 in Axes
  6852 | D:8      | Gained mutation: A weak demonic guardian rushes to your
                  | aid. [demonic ancestry]
  6852 | D:8      | Reached XP level 10. HP: 62/77 MP: 11/11
  6974 | D:8      | Noticed a death yak
  6975 | D:8      | Found a staircase to the Lair.
  6975 | D:8      | Noticed a death yak
  6977 | D:8      | Noticed a death yak
  6987 | D:8      | Killed a death yak
  6992 | D:8      | Killed a death yak
  6998 | D:8      | Killed a death yak
  6999 | D:8      | Reached skill level 11 in Axes
  7400 | D:8      | Noticed a two-headed ogre
  7409 | D:8      | Killed a two-headed ogre
  7754 | Lair:1   | Entered Level 1 of the Lair of Beasts
  7755 | Lair:1   | Noticed an eight-headed hydra
  7755 | Lair:1   | Noticed a cane toad
  7760 | Lair:1   | Killed a cane toad
  7760 | Lair:1   | Reached ***** piety under Lugonu
  7762 | Lair:1   | Gained mutation: You have an absolutely massive brain. (Int
                  | +6, Wiz) [demonic ancestry]
  7762 | Lair:1   | Reached XP level 11. HP: 42/86 MP: 12/12
  7768 | Lair:1   | Killed a ten-headed hydra
  8174 | Lair:1   | Found a frozen archway.
  8614 | Lair:1   | Noticed an oklob plant
  8809 | Lair:2   | Identified the +12 hand axe "Yrhymi" {spect, rElec}
  8859 | Lair:2   | Reached skill level 12 in Axes
  9029 | Lair:2   | Lost mutation: You are clumsy. (Dex -2) [potion of
                  | mutation]
  9029 | Lair:2   | Lost mutation: You are dopey. (Int -2) [potion of mutation]
  9029 | Lair:2   | Gained mutation: Your muscles are very strong. (Str +4)
                  | [potion of mutation]
  9048 | Lair:2   | Identified the +7 falchion of Darkness {pain, Will++ Str+6}
  9273 | Lair:2   | Found a snail-covered altar of Cheibriados.
  9291 | Lair:2   | Noticed a five-headed hydra
  9302 | Lair:2   | Killed a 15-headed hydra
 10045 | Lair:3   | Found a hole to the Spider Nest.
 10045 | Lair:3   | Noticed an orb spider
 10062 | Lair:3   | Blown up by an orb spider

Illustrated notes

Levels and vault maps discovered:
D:1:      saegor_arrival_under_anarchy, layout_basic
D:2:      layout_loops_ring, ebering_ecumenical_altar_box,
          hangedman_decor_riveting
D:3:      layout_loops_corners, serial_bayou_pond_e, st_stairs_12, dk_vineyard_3
D:4:      layout_loops_ring, minmay_temple_entry_gardened_gates,
          chequers_serial_rivers_micro_e, saegor_snake_ambush, uniq_pikel
D:5:      layout_cave_pools, lemuel_crystal_altar, serial_bayou_ford_a,
          minmay_shop_mass, palyth_stone_intersect
D:6:      layout_rooms
D:7:      layout_loops_ring, serial_shops, shop, shop, serial_aquarium,
          aquarium_bridge_square [aquarium_subvault_bridge,
          aquarium_subvault_wall, aquarium_subvault_wall,
          aquarium_subvault_bridge], aquarium_bridge_square
          [aquarium_subvault_bridge, aquarium_subvault_wall,
          aquarium_subvault_window, aquarium_subvault_bridge],
          aquarium_window_corridor_3, aquarium_window_fake, aquarium_view_2c,
          aquarium_balcony_5b, aquarium_pool_2
D:8:      layout_loops_ring, jmf_multi_god_temple, dpeg_lair_monsters
Lair:1:   dpeg_oklob_gauntlet, layout_cave_shapes, portal_ice_cave_demonic_guard
Lair:2:   layout_regular_city, basic_altar, gauntlet_entry_generic,
          chequers_serial_rivers_room_a, ldierk_geyser,
          grunt_forest_small_clearing_treed
Lair:3:   layout_chaotic_city, elwin_shoals_entry_stream,
          nicolae_spider_entry_orb_guardian, uniq_snorg

Skill      XL: |  1  2  3  4  5  6  7  8  9 10 11 |
---------------+----------------------------------+-----
Armour         | 2 3 4 5 6 7 8 |  8.9
Axes           | 2 3 4 6 8 10 11 12 | 12.4
Dodging        | 1 2 3 |  3.6
Fighting       | 4 5 6 7 9 |  9.1
Stealth        | 1 2 |  2.7
Invocations    | |  2.4

Action                   |  1- 3 |  4- 6 |  7- 9 | 10-12 || total
-------------------------+-------+-------+-------+-------++-------
Melee: Hand axe          |    62 |       |       |    61 ||   123
       Broad axe         |    58 |    58 |   166 |    57 ||   339
       Headbutt          |     1 |     7 |     3 |       ||    11
       Kick              |       |     8 |    19 |       ||    27
  Use: Scroll            |     8 |     1 |     4 |     3 ||    16
       Potion            |     4 |     3 |     3 |     3 ||    13
Armor: Leather armour    |    14 |       |       |       ||    14
       Plate armour      |    41 |    34 |    74 |       ||   149
       Pearl dragon scal |       |       |    40 |    82 ||   122
Dodge: Dodged            |    71 |    18 |    61 |    63 ||   213
